 Dungeon Crawl Stone Soup version 0.30.1-11-g7821555f0a (webtiles) character file.

Game seed: 14888298450466492482

114 mpzz the Shooter (level 5, 0/32 HPs)
             Began as a Kobold Hunter on Jan 1, 2024.
             Slain by a sleepcap (4 damage)
             ... on level 4 of the Dungeon.
             The game lasted 00:14:57 (1745 turns).

mpzz the Shooter (Kobold Hunter)                    Turns: 1745, Time: 00:14:58

Health: 0/32       AC:  3    Str:  9    XL:     5   Next: 18%
Magic:  5/5        EV: 15    Int: 10    God:
Gold:   177        SH:  0    Dex: 20    Spells: 4/4 levels left

rFire   . . .        a - +0 shortbow
rCold   . . .        (shield currently unavailable)
rNeg    . . .        c - +0 leather armour
rPois   .            (no helmet)
rElec   .            (no cloak)
rCorr   .            (no gloves)
SInv    .            (no boots)
Will    .....        v - amulet of the acrobat
Stlth   +++          (no ring)
HPRegen 0.25/turn    (no ring)
MPRegen 0.09/turn

%: acrobat
@: no status effects
A: small, no large weapons, nightstalker 3
a: no special abilities


You were on level 4 of the Dungeon.
You visited 1 branch of the dungeon, and saw 4 of its levels.

You collected 177 gold pieces.

Inventory:

Hand Weapons
 a - a +0 shortbow (weapon)
 j - a +0 short sword
Missiles
 u - 6 poisoned darts
Armour
 c - a +0 leather armour (worn)
 l - a +0 scale mail
 o - a +0 ring mail
Jewellery
 v - an amulet of the acrobat (around neck)
Scrolls
 b - a scroll of immolation
 e - a scroll of magic mapping {unknown}
 f - 2 scrolls of identify {unknown}
 h - a scroll of fog {unknown}
 i - 2 scrolls of teleportation {unknown}
 m - a scroll of blinking {unknown}
 p - a scroll of poison {unknown}
 s - a scroll of enchant weapon {unknown}
 w - a scroll of brand weapon {unknown}
Potions
 d - 4 potions of heal wounds {unknown}
 g - a potion of haste {unknown}
 k - 2 potions of mutation {unknown}
 n - 2 potions of flight {unknown}
 q - a potion of degeneration {unknown}
 r - 2 potions of curing {unknown}
 t - a potion of attraction {unknown}


   Skills:
 + Level 2.9 Fighting
 + Level 7.6 Ranged Weapons
 + Level 2.6 Dodging
 + Level 1.4 Stealth


You had 4 spell levels left.
You didn't know any spells.
Your spell library contained the following spells:

 Spells                   Type           Power      Damage    Failure   Level
 Beastly Appendage        Tmut           0%         N/A       47%         1
 Wereblood                Tmut           0%         N/A       63%         2
 Spider Form              Tmut/Pois      0%         N/A       85%         3


Dungeon Overview and Level Annotations

Branches:
Dungeon (4/15)
 Temple: D:4-7

Altars:
Zin

Annotations:
D:4 Blork the orc, Natasha, Robin


Innate Abilities, Weirdness & Mutations

You are small and have problems with some larger weapons.
You are completely attuned to the shadows.


Message History

Robin of the Strong Arm comes into view.
They are wielding a +0 trident.
The sleepcap closely misses you. The sleepcap attacks as you move away!
The sleepcap closely misses you. The sleepcap attacks as you move away!
The sleepcap completely misses you. The sleepcap attacks as you move away!
The sleepcap completely misses you. The sleepcap attacks as you move away!
The sleepcap misses you. The sleepcap attacks as you move away!
The sleepcap completely misses you. The sleepcap attacks as you move away!
The sleepcap completely misses you. The sleepcap attacks as you move away!
The sleepcap misses you.
Natasha, Servant of Life and Death comes into view.
The sleepcap attacks as you move away! The sleepcap completely misses you.
The sleepcap attacks as you move away! The sleepcap misses you.
The sleepcap attacks as you move away! The sleepcap completely misses you.
Natasha casts a spell.
The sleepcap attacks as you move away! The sleepcap completely misses you.
Natasha mumbles some strange words.
Natasha glows brightly for a moment.
The sleepcap attacks as you move away! The sleepcap closely misses you.
The sleepcap attacks as you move away! The sleepcap misses you.
The sleepcap releases spores at you.
You are engulfed in a cloud of soporific spores!
You fall asleep.
The sleepcap releases spores at you!
You wake up.
* * * LOW HITPOINT WARNING * * *
Natasha casts a spell at you. The magic dart hits you!
* * * LOW HITPOINT WARNING * * *
Natasha mumbles some strange words.
The sleepcap attacks as you move away!
The sleepcap releases spores at you but does no damage.
The sleepcap attacks as you move away! The sleepcap completely misses you.
Natasha casts a spell.
The sleepcap attacks as you move away! The sleepcap misses you.
Things that are here:
a +0 dagger; a goblin corpse The sleepcap attacks as you move away!
The sleepcap misses you. The sleepcap attacks as you move away!
The sleepcap closely misses you.
There is a stone staircase leading up, spattered with blood here.
The sleepcap releases spores at you.
You die...

#.# #..#
#. #..# .#
#..##.#
##.##.#
#....#
.#.#5.#
.....h###
##....f..#
###..@..#
#.....#
#.....#
#....!#
#.>...#
#...[..
.......
...o...#


You could see a sleepcap, Natasha and a cerulean imp (summoned).

Vanquished Creatures
  Natasha (D:4)
  An orc wizard (D:3)
  An adder (D:3)
  A worm (D:2)
  4 orcs (D:3)
  6 ball pythons
  6 endoplasms
  3 giant cockroaches
  5 goblins
  3 hobgoblins
  2 jackals (D:1)
  3 quokkas
  4 bats
  4 kobolds
  A rat (D:1)
45 creatures vanquished.

Notes
Turn   | Place    | Note
-------+----------+-------------------------------------------
     0 | D:1      | mpzz the Kobold Hunter began the quest for the Orb.
     0 | D:1      | Reached XP level 1. HP: 12/12 MP: 1/1
   106 | D:1      | Reached XP level 2. HP: 18/18 MP: 2/2
   279 | D:1      | Reached skill level 6 in Ranged Weapons
   390 | D:1      | Reached XP level 3. HP: 22/22 MP: 3/3
  1177 | D:3      | Reached skill level 7 in Ranged Weapons
  1177 | D:3      | Reached XP level 4. HP: 19/27 MP: 4/4
  1279 | D:3      | Found a faded altar of an unknown god.
  1503 | D:3      | Found a glowing silver altar of Zin.
  1627 | D:4      | Noticed Natasha
  1635 | D:4      | Killed Natasha
  1636 | D:4      | Reached XP level 5. HP: 17/32 MP: 5/5
  1638 | D:4      | Noticed Blork the orc
  1697 | D:4      | Noticed Robin
  1715 | D:4      | Noticed Natasha
  1745 | D:4      | Slain by a sleepcap

Illustrated notes

Levels and vault maps discovered:
D:1:      dpeg_arrival_houses_and_road, layout_loops_ring, minmay_tetromino_l4
D:2:      layout_rooms
D:3:      layout_basic, xom_redecorated, zin_treasury,
          nicolae_ecumenical_oubliette
D:4:      layout_rooms, minmay_temple_entry_mini_moons, serial_shops, shop,
          chequers_mini_garden, uniq_blork_the_orc, uniq_eustachio,
          uniq_natasha, uniq_robin, uniq_ijyb

Skill      XL: |  1  2  3 |
---------------+----------+-----
Ranged Weapons | 6 7 |  7.6
Fighting       | |  2.9
Dodging        | |  2.6
Stealth        | |  1.4

Action                     |  1- 3 |  4- 6 || total
---------------------------+-------+-------++-------
   Fire: Shortbow          |    74 |    37 ||   111
 Armour: Leather armour    |    10 |     8 ||    18
  Dodge: Dodged            |    37 |    30 ||    67
